 Dungeon Crawl Stone Soup version 0.18.1-1-g2f07953 (webtiles) character file.

18114 Korgoth the Protected (level 12, -50/110 HPs)
             Began as a Minotaur Berserker on May 13, 2016.
             Was a High Priest of Trog.
             Annihilated by a titanic slime creature (82 damage)
             ... on level 13 of the Dungeon on May 14, 2016.
             The game lasted 02:13:43 (13890 turns).

Korgoth the Protected (Minotaur Berserker)         Turns: 13890, Time: 02:13:48

Health: -50/110    AC: 23    Str: 32    XL:     12   Next: 24%
Magic:  3/3        EV: 13    Int:  4    God:    Trog [*****.]
Gold:   353        SH:  0    Dex: 18    Spells: 0 memorised, 11 levels left

rFire  . . .     SeeInvis .     J - +3 great mace of the People {antimagic, +Rage rC- Str+7}
rCold  x . .     Gourm    .     T - +2 plate armour
rNeg   . . .     Faith    .     (shield currently unavailable)
rPois  +         Spirit   .     y - +2 hat
rElec  .         Dismiss  .     (no cloak)
rCorr  .         Reflect  .     n - +0 pair of gloves
SustAt .         Harm     .     i - +0 pair of boots
MR     .....                    (no amulet)
Stlth  ..........               O - ring of poison resistance
                                m - +6 ring of dexterity

@: not resistant to hostile enchantments, extremely unstealthy
A: retaliatory headbutt, horns 2, wild magic 1
a: Berserk, Trog's Hand, Brothers in Arms, Burn Spellbooks, Renounce Religion,
Evoke Berserk Rage


You were on level 13 of the Dungeon.
You worshipped Trog.
Trog was extremely pleased with you.
You were not hungry.

You visited 2 branches of the dungeon, and saw 14 of its levels.
You also visited: Bailey.

You collected 789 gold pieces.
You spent 436 gold pieces at shops.

Inventory:

Hand Weapons
 s - a +2 shortbow of freezing
 J - the +3 great mace of the People (weapon) {antimagic, +Rage rC- Str+7}
   (Trog gifted it to you in a bailey)

   It disrupts the flow of magical energy around spellcasters and certain
   magical creatures (including the wielder).
   It affects your strength (+7).
   It makes you vulnerable to cold.
   It lets you go berserk.
 W - a +1 vampiric war axe
Missiles
 r - 56 poisoned needles
 v - 6 poisoned javelins
 E - 12 tomahawks (quivered)
 I - 7 needles of sleeping
 L - 309 arrows
 R - 6 curare-tipped needles
Armour
 i - a +0 pair of boots (worn)
 n - a +0 pair of gloves (worn)
 y - a +2 hat (worn)
 T - a +2 plate armour (worn)
 Z - the +0 shield of the Volcano {rElec MR+}
   (You found it on level 11 of the Dungeon)

   It insulates you from electricity.
   It affects your resistance to hostile enchantments.
Jewellery
 m - a +6 ring of dexterity (left hand)
 x - an uncursed ring of fire
 C - an uncursed ring of flight
 O - a ring of poison resistance (right hand)
 Y - an uncursed ring of poison resistance
Wands
 b - a wand of iceblast (5/15)
 o - a wand of disintegration (2/24)
 u - a wand of confusion (30/48)
 w - a wand of acid (8/15)
 A - a wand of paralysis (9/24)
 H - a wand of iceblast (5/15)
 P - a wand of slowing (23/48)
Scrolls
 a - 2 scrolls of teleportation
 f - 3 scrolls of remove curse
 k - a scroll of immolation
 q - a scroll of noise
 B - 3 scrolls of holy word
 K - a scroll of fear
 U - 6 scrolls of enchant weapon
 V - a scroll of silence
Potions
 d - a potion of heal wounds
 e - 6 potions of curing
 g - 3 potions of mutation
 j - a potion of cure mutation
 l - 3 potions of flight
 p - 6 potions of agility
 z - a potion of magic {unknown}
 F - a potion of brilliance {unknown}
 G - 2 potions of haste
 N - a potion of blood
 X - a potion of might {unknown}
Books
 S - a book of Minor Magic

   Spells                             Type                      Level
   a - Magic Dart                     Conjuration                  1
   b - Blink                          Translocation                2
   c - Call Imp                       Summoning                    2
   d - Repel Missiles                 Charms/Air                   2
   e - Slow                           Hexes                        2
   f - Conjure Flame                  Conjuration/Fire             3
   g - Mephitic Cloud                 Conjuration/Poison/Air       3
   Trog disapproves of the use of such an item.
Miscellaneous
 h - a plain deck of summoning
Comestibles
 c - 7 bread rations
 t - 4 meat rations
 D - 5 fruits
 M - 8 slices of pizza
 Q - 15 chunks of flesh


   Skills:
 + Level 11.0 Fighting
 - Level 5.7(7.9) Axes
 + Level 8.6(9.3) Maces & Flails
 + Level 2.9 Bows
 * Level 8.5 Throwing
 + Level 12.9 Armour
 * Level 7.6 Dodging
 - Level 1.0 Stealth
 + Level 5.8 Shields
 - Level 0.1 Evocations


You had 11 spell levels left.
You didn't know any spells.

Dungeon Overview and Level Annotations

Branches:
Dungeon (13/15)            Temple (1/1) D:6            Lair (0/8) D:11
    Orc (0/2) D:9
 Vaults: D:13-14

Altars:
Ashenzari
Cheibriados
Dithmenos
Elyvilon
Fedhas
Gozag
Kikubaaqudgha
Makhleb
Nemelex Xobeh
Okawaru
Pakellas
Qazlal
Ru
Sif Muna
Trog
Vehumet
Xom
Yredelemnul
Zin
The Shining One

Shops:
D:11 ?*[!

Annotations:
D:11 exclusion: ice statue


Innate Abilities, Weirdness & Mutations

You reflexively headbutt those who attack you in melee.
You have a pair of horns on your head.
Your spells are a little harder to cast, but a little more powerful.


Message History

You bludgeon the titanic slime creature!!
You headbutt the titanic slime creature!
The titanic slime creature is heavily wounded.
The titanic slime creature hits you!!
You sock the titanic slime creature!
You headbutt the titanic slime creature.
The titanic slime creature is severely wounded.
The titanic slime creature barely misses you.
You hit the titanic slime creature.
You headbutt the titanic slime creature!!
The titanic slime creature is severely wounded.
The titanic slime creature hits you but does no damage.
You bludgeon the titanic slime creature!!
You headbutt the titanic slime creature.
The titanic slime creature is severely wounded.
The titanic slime creature hits you!
* * * LOW HITPOINT WARNING * * *
The titanic slime creature hits you!!!!
Ouch! That really hurt!
You die...

############.# #
###............#
#.#.....##########
#.#.###.### ...
#...# #.###.#.# #
#.....#.#
###..###.###.#
%.....J@.# .#
###..##### .# # .#
.#


You could see a titanic slime creature.

Vanquished Creatures
  2 hydras (D:12)
  A centaur warrior (D:13)
  3 hill giants
  An orc knight (Bailey)
  2 ugly things
  3 kobold demonologists (D:11)
  3 trolls
  A slime creature (D:13)
  A vampire (D:13)
  4 wyverns
  A wraith (D:12)
  A human (D:7)
  11 yaks
  Grum (D:8)
  A hog (D:7)
  2 hippogriffs
  2 hungry ghosts
  The ghost of gg19 the Magician, an amateur HEWz (D:3)
  A water moccasin (D:4)
  17 orc warriors
  An ice beast (D:5)
  2 sky beasts
  A wasp (D:11)
  2 phantoms (D:9)
  2 black bears
  2 necrophages
  4 ogres
  10 centaurs
  2 wolves (D:8)
  A big kobold (D:8)
  8 giant frogs
  7 scorpions
  A wyvern skeleton (D:12)
  12 wights
  5 howler monkeys
  3 centaur zombies
  8 crimson imps
  5 jellies
  A wasp zombie (D:12)
  2 giant frog zombies
  8 hounds
  17 orc wizards
  4 orc priests
  4 iguanas
  A centaur skeleton (D:9)
  3 giant frog skeletons
  11 worker ants
  A killer bee zombie (D:7)
  3 sheep (D:7)
  A mummy (D:11)
  A worker ant zombie (D:11)
  A gnoll (D:6)
  6 adders
  3 shadow imps
  2 oozes
  3 adder skeletons
  An adder zombie (D:9)
  2 worms
  4 giant geckos
  70 orcs
  11 bats
  4 giant cockroaches
  7 goblins
  6 hobgoblins
  4 jackals (D:11)
  9 quokkas
  2 ball pythons
  A giant gecko skeleton (D:4)
  3 giant newts
  8 kobolds
  A quokka zombie (D:6)
  7 rats
  2 withered plants (D:11)
349 creatures vanquished.

Vanquished Creatures (others)
  A quokka (D:5)
1 creature vanquished.

Grand Total: 350 creatures vanquished

Notes
Turn   | Place    | Note
--------------------------------------------------------------
     0 | D:1      | Korgoth the Minotaur Berserker began the quest for the Orb.
     0 | D:1      | Reached XP level 1. HP: 19/19 MP: 0/0
   226 | D:1      | Reached XP level 2. HP: 27/27 MP: 1/1
   747 | D:2      | Found a faded altar to an unknown god.
   763 | D:2      | Reached XP level 3. HP: 26/33 MP: 2/2
   996 | D:2      | Reached ** piety under Trog
  1789 | D:3      | Found a glowing silver altar of Zin.
  2036 | D:3      | Noticed gg19's ghost (amateur HEWz)
  2093 | D:3      | Killed gg19's ghost
  2093 | D:3      | Reached skill level 5 in Fighting
  2093 | D:3      | Reached skill level 3 in Armour
  2093 | D:3      | Reached XP level 4. HP: 41/42 MP: 3/3
  2093 | D:3      | Reached XP level 5. HP: 47/48 MP: 4/4
  2499 | D:4      | Reached skill level 5 in Maces & Flails
  2538 | D:4      | Reached skill level 4 in Armour
  2572 | D:4      | Reached XP level 6. HP: 56/56 MP: 5/5
  2582 | D:4      | Noticed a water moccasin
  2601 | D:4      | Killed a water moccasin
  2604 | D:4      | Reached skill level 5 in Armour
  2780 | D:4      | Reached skill level 1 in Stealth
  2780 | D:4      | Reached XP level 7. HP: 52/62 MP: 6/6
  2873 | D:4      | Found a deep blue altar of Sif Muna.
  3066 | D:5      | Entered Level 5 of the Dungeon
  3140 | D:5      | Found an opulent altar of Gozag.
  3140 | D:5      | Found a radiant altar of Vehumet.
  3148 | D:5      | Reached *** piety under Trog
  3169 | D:5      | Found a white marble altar of Elyvilon.
  3374 | D:5      | Reached skill level 1 in Shields
  3416 | D:5      | Found an iron altar of Okawaru.
  3464 | D:5      | Reached skill level 1 in Throwing
  3464 | D:5      | Reached skill level 6 in Armour
  3542 | D:5      | Reached skill level 1 in Axes
  3549 | D:5      | Reached XP level 8. HP: 53/71 MP: 7/7
  3893 | D:6      | Found an iron altar of Okawaru.
  3944 | D:6      | Found a shattered altar of Ashenzari.
  3973 | D:6      | Found a staircase to the Ecumenical Temple.
  3985 | D:6      | Reached skill level 7 in Armour
  4009 | Temple   | Entered the Ecumenical Temple
  4628 | D:6      | Found a stormy altar of Qazlal.
  4875 | D:6      | Reached skill level 5 in Dodging
  5077 | D:6      | Found a basalt altar of Yredelemnul.
  5127 | D:6      | Found an oddly glowing altar of Pakellas.
  5243 | D:7      | Reached XP level 9. HP: 51/78 MP: 8/8
  5456 | D:7      | Found a shimmering altar of Xom.
  5459 | D:7      | Reached skill level 1 in Bows
  5459 | D:7      | Reached skill level 8 in Armour
  5576 | D:7      | Reached **** piety under Trog
  5604 | D:7      | Found a glowing golden altar of the Shining One.
  6109 | D:7      | Found a shadowy altar of Dithmenos.
  6262 | D:8      | Reached skill level 9 in Armour
  6271 | D:8      | Reached skill level 5 in Throwing
  6469 | D:8      | Noticed a lindwurm
  6475 | D:8      | Noticed a lindwurm
  6476 | D:8      | Noticed a lindwurm
  6591 | D:8      | Noticed Grum
  6595 | D:8      | Reached skill level 5 in Axes
  6595 | D:8      | Reached XP level 10. HP: 84/86 MP: 9/9
  6598 | D:8      | Killed Grum
  6750 | D:8      | Found a flagged portal.
  6766 | Bailey   | Entered a bailey
  6899 | Bailey   | Reached ***** piety under Trog
  7165 | Bailey   | Reached skill level 10 in Armour
  7274 | Bailey   | Noticed an orc knight
  7404 | Bailey   | Reached skill level 5 in Shields
  7808 | Bailey   | Killed an orc knight
  7897 | Bailey   | Received a gift from Trog
  7898 | Bailey   | Got a brightly glowing great mace {god gift}
  7910 | Bailey   | Identified the +3 great mace of the People {antimagic, +Rage rC- Str+7} (Trog gifted it to you in a bailey)
  8905 | D:9      | Found a snail-covered altar of Cheibriados.
  8945 | D:9      | Found a staircase to the Orcish Mines.
  9293 | D:10     | Entered Level 10 of the Dungeon
  9402 | D:10     | Reached skill level 11 in Armour
  9841 | D:10     | Reached XP level 11. HP: 93/97 MP: 3/10
  9969 | D:11     | Got a spiked shield
  9977 | D:11     | Found a staircase to the Lair.
 10010 | D:11     | Found Kymilee's Antique Armour Emporium.
 10019 | D:11     | Bought a pair of glowing gloves for 112 gold pieces
 10238 | D:11     | Found Hotopry's General Store.
 10242 | D:11     | Noticed a hill giant
 10244 | D:11     | Noticed a wolf spider
 10244 | D:11     | Bought a scroll of identify for 26 gold pieces
 10244 | D:11     | Bought a scroll of enchant weapon for 97 gold pieces
 10341 | D:11     | Noticed a hill giant
 10356 | D:11     | Killed a hill giant
 10457 | D:11     | Found Iraul's Magic Scroll Shoppe.
 10548 | D:11     | Reached skill level 10 in Fighting
 10571 | D:11     | Reached skill level 12 in Armour
 11027 | D:11     | Gained mutation: Your spells are a little harder to cast, but a little more powerful. [potion of beneficial mutation]
 11123 | D:11     | Identified the cursed +0 shield of the Volcano {rElec MR+} (You found it on level 11 of the Dungeon)
 11162 | D:11     | Bought a scroll of enchant weapon for 97 gold pieces
 11162 | D:11     | Bought a scroll of remove curse for 39 gold pieces
 11162 | D:11     | Bought a scroll of remove curse for 39 gold pieces
 11162 | D:11     | Bought a scroll of identify for 26 gold pieces
 11339 | D:11     | Found Veit's Distillery.
 11381 | D:11     | Noticed a white ugly thing
 11381 | D:11     | Noticed a white ugly thing
 11389 | D:11     | HP: 3/101 [white ugly thing (51)]
 11936 | D:12     | Noticed a hill giant
 11943 | D:12     | Killed a hill giant
 12110 | D:12     | Noticed a hill giant
 12117 | D:12     | Killed a hill giant
 12192 | D:12     | Noticed a purple ugly thing
 12203 | D:12     | Killed a purple ugly thing
 12644 | D:12     | Noticed a six-headed hydra
 12647 | D:12     | Killed a six-headed hydra
 12672 | D:12     | Noticed a four-headed hydra
 12678 | D:12     | Killed a four-headed hydra
 13178 | D:13     | Reached XP level 12. HP: 100/108 MP: 3/11
 13200 | D:13     | Noticed a centaur warrior
 13218 | D:13     | Killed a centaur warrior
 13739 | D:13     | Received a gift from Trog
 13890 | D:13     | Annihilated by a titanic slime creature

Skill      XL: |  1  2  3  4  5  6  7  8  9 10 11 12 |
---------------+-------------------------------------+-----
Fighting       | 4 5 6 7 9 10 11 | 11.0
Maces & Flails | 4 5 6 7 8 |  8.6
Armour         | 3 4 5 6 7 9 11 12 | 12.9
Dodging        | 3 4 5 6 7 |  7.6
Stealth        | 1 |  1.0
Shields        | 1 4 5 |  5.8
Throwing       | 1 3 5 6 8 |  8.5
Axes           | 1 3 5 |  5.7
Bows           | 2 |  2.9
Evocations     | |  0.1

Action                   |  1- 3 |  4- 6 |  7- 9 | 10-12 || total
-------------------------+-------+-------+-------+-------++-------
Melee: Mace              |    94 |    36 |    25 |    77 ||   232
       Headbutt          |    16 |    13 |    78 |   145 ||   252
       Hand axe          |       |       |   240 |    36 ||   276
       Great mace        |       |       |       |   360 ||   360
 Fire: Shortbow          |       |       |    20 |       ||    20
Invok: Berserk           |       |       |     1 |     4 ||     5
       Burn Spellbooks   |       |       |       |     2 ||     2
 Abil: Evoke Berserk Rag |       |       |       |     1 ||     1
  Use: Scroll            |       |     5 |     4 |    19 ||    28
       Potion            |       |       |       |    10 ||    10
 Stab: Sleeping          |     1 |       |       |       ||     1
  Eat: Chunk             |     2 |       |     6 |    12 ||    20
       Meat ration       |     1 |       |       |     3 ||     4
       Beef jerky        |       |       |     4 |     1 ||     5
       Royal jelly       |       |       |     1 |     1 ||     2
Armor: Chain mail        |    61 |    21 |   125 |    32 ||   239
       Animal skin       |     1 |       |       |       ||     1
       Plate armour      |       |       |       |   337 ||   337
Dodge: Dodged            |    63 |    13 |   133 |   419 ||   628
Block: Shield            |       |     8 |    67 |    43 ||   118
